Map: NeoHumanity LE

Players

luckypants - Winner!

  • Race: Terran Terran
  • League: Platinum
  • Spawn Location: 5:00

MattBarry

  • Race: Zerg Zerg
  • League: Gold
  • Spawn Location: 11:00

VOD

Have the link to the VOD?

Description

Time

  • Played on: Feb. 11, 2023, 1:37 p.m.
  • Length: 9:15
Show
View Real Time Build Order
Export as new Build Order

luckypants Terran - Winner!

Build Orders: 2 Factory, Mech 

Get SALT Encoding   

  12  0:00  SCV  
  13  0:12  SCV  
  14  0:16  Supply Depot  
  14  0:24  SCV  
  14  0:28  Refinery  
  15  0:40  Barracks  
  15  0:44  SCV  
  16  0:56  SCV  
  17  1:08  SCV  
  18  1:20  SCV  
  19  1:28  Marine  
  20  1:34  Command Center  
  20  1:36  SCV  
  21  1:49  Marine  
  21  1:50  Orbital Command  
  22  2:06  Factory  
  22  2:12  Refinery  
  22  2:13  Marine  
  23  2:23  Supply Depot  
  23  2:31  Supply Depot  
  23  2:44  Marine, SCV  
  23  2:48  Orbital Command  
  23  2:51  Factory Tech Lab, Refinery  
  25  2:56  SCV  
  26  3:10  Factory  
  29  3:16  Infernal Pre-Igniter, Hellion  
  29  3:17  Marine  
  29  3:20  SCV  
  29  3:24  SCV  
  31  3:31  Refinery  
  31  3:32  SCV  
  32  3:36  SCV  
  32  3:37  Marine  
  32  3:39  Hellion  
  36  3:44  SCV  
  37  3:51  SCV  
  37  3:54  Supply Depot  
  38  3:56  SCV  
  38  3:57  Marine  
  38  3:59  Factory Tech Lab  
  38  4:00  Hellion  
  40  4:03  SCV  
  40  4:08  Bunker  
  41  4:15  Marine  
  42  4:18  Armory  
  42  4:19  Siege Tank  
  45  4:25  Siege Tank  
  48  4:32  Marine  
  48  4:33  SCV  
  50  4:45  SCV  
  51  4:46  SCV  
  52  4:55  Factory  
  52  4:58  SCV  
  53  5:10  SCV  
  54  5:14  Marine  
  54  5:15  Thor  
  61  5:24  Supply Depot  
  61  5:26  Supply Depot  
  61  5:29  Supply Depot  
  61  5:45  Thor  
  65  6:12  SCV x2, Barracks Reactor  
  67  6:20  Thor  
  73  6:28  Thor  
  75  6:37  Factory  
  75  7:03  Thor  
  81  7:12  Thor  
  84  7:33  Marine  
  84  7:34  Hellion  
  86  7:47  Factory Reactor  
  86  7:50  Supply Depot, Marine, Hellion  
  86  7:59  Factory Reactor  
  86  8:12  Hellion x2  
  90  8:35  Hellion x2  
  90  8:40  Supply Depot  
  100  8:41  Supply Depot x2  
  100  8:42  SCV  
  100  8:43  SCV  
Show
View Real Time Build Order
Export as new Build Order

MattBarry Zerg 

Build Orders: Hatch First 

Get SALT Encoding   

  12  0:00  Drone  
  13  0:13  Overlord  
  13  0:18  Drone  
  14  0:31  Drone x2  
  16  0:38  Drone  
  17  0:55  Hatchery  
  16  1:00  Drone  
  17  1:09  Spawning Pool  
  16  1:15  Overlord  
  16  1:34  Extractor  
  16  1:35  Drone x2  
  16  1:36  Drone  
  18  1:51  Drone  
  19  1:59  Drone  
  20  2:06  Queen  
  20  2:07  Queen  
  24  2:16  Drone  
  24  2:17  Drone  
  24  2:21  Roach Warren  
  25  2:29  Drone x2  
  27  2:30  Overlord  
  27  2:43  Zergling x2  
  28  3:02  Roach x6  
  40  3:12  Queen  
  40  3:15  Zergling x4  
  40  3:17  Overlord  
  44  3:20  Extractor  
  44  3:23  Spore Crawler  
  44  3:25  Zergling x2  
  44  3:36  Extractor  
  44  3:38  Drone  
  44  3:39  Drone x4  
  47  4:02  Lair  
  47  4:07  Evolution Chamber  
  47  4:08  Evolution Chamber  
  47  4:37  Evolution Chamber  
  46  4:42  Evolution Chamber  
  45  5:06  Spine Crawler  
  42  5:10  Drone x10  
  42  5:12  Overlord x4  
  51  5:21  Metabolic Boost  
  37  5:59  Baneling Nest  
  37  6:03  Hatchery  
  35  6:15  Hatchery  
  34  6:30  Overlord x4  
  34  6:31  Overlord  
  34  6:37  Zergling x12  
  40  7:01  Zergling x10  
  42  7:13  Roach x6  
  44  7:33  Zergling x12  
  37  7:49  Roach x4  
  49  7:53  Roach  
  41  8:05  Spine Crawler  
  39  8:10  Queen  
  41  8:15  Queen  
  41  8:19  Zergling x10  
  46  8:22  Ravager  
  46  8:23  Ravager  
  46  8:24  Ravager  
  46  8:25  Ravager  
Tags
 
Composition
Mech
Matchup
TvZ
Replay Pack
Multiplayer
Spawn Locations
Cross Positions
Add a new tag
Caveats
  • Supply blocks, unpowered buildings, or Contaminate may cause inaccurate times.
  • Supply counts are checked every 10 seconds.